 Dungeon Crawl Stone Soup version 0.22-a0-283-g1871b151c7 (webtiles) character file.

1503845 MysteriousStreaker the Slayer (level 27, 288/288 HPs)
             Began as a Naga Wanderer on Mar 16, 2018.
             Was a Follower of Uskayaw.
             Escaped with the Orb
             ... and 3 runes on Mar 19, 2018!
             The game lasted 09:55:55 (93366 turns).

MysteriousStreaker the Slayer (Naga Wanderer)      Turns: 93366, Time: 09:55:55

Health: 288/288    AC: 45    Str: 24    XL:     27
Magic:  36/36      EV: 15    Int: 14    God:    Uskayaw [*.....]
Gold:   6242       SH: 20    Dex: 17    Spells: 27/36 levels left

rFire    + . .     SeeInvis +   c - +6 eudemon blade (holy)
rCold    + + +     Gourm    .   t - +0 large shield
rNeg     + . .     Faith    .   s - +8 crystal plate armour {rC+}
rPois    +         Spirit   +   K - -2 hat of the Alchemist {rElec rPois rF+ rC+ rN+ MR+ rMut rCorr}
rElec    +         Reflect  .   i - +2 cloak
rCorr    +         Harm     .   v - +1 pair of gloves of Springtime {rC+ MR+ Regen+ Stlth+}
rMut     +                      f - +0 naga barding
MR       +++++                  J - amulet "Naotad" {Spirit rPois Str+4}
Stlth    ..........             R - +2 ring of evasion
HPRegen  0.98/turn              p - +5 ring of evasion
MPRegen  0.25/turn

@: hasted, drained, quick
A: large, see invisible, deformed body, mutation resistance 1, poison
resistance, slowness 2, slow metabolism 1, spit poison 1, constrict 1, AC +9
0: Orb of Zot
}: 3/15 runes: decaying, silver, gossamer
a: Spit Poison, Stomp, Renounce Religion


You escaped.
You worshipped Uskayaw.
Uskayaw was most pleased with you.
You were not hungry.

You visited 10 branches of the dungeon, and saw 50 of its levels.
You also visited: Trove, Ossuary, Bailey, Ice Cave and Wizlab.

You collected 8352 gold pieces.
You spent 2110 gold pieces at shops.

Inventory:

Hand Weapons
 a - a +9 demon blade of draining
 c - a +6 eudemon blade of holy wrath (weapon)
 w - a +6 blowgun
Missiles
 g - 4 curare-tipped needles
 m - 5 throwing nets (quivered) {!f}
 P - 1060 arrows
Armour
 f - a +0 naga barding (worn)
 i - a +2 cloak (worn)
 s - a +8 crystal plate armour of cold resistance (worn)
 t - a +0 large shield (worn)
 v - the +1 pair of gloves of Springtime (worn) {rC+ MR+ Regen+ Stlth+}
   (You found it on level 5 of the Vaults)

   It protects you from cold.
   It affects your resistance to hostile enchantments.
   It increases your rate of regeneration.
   It makes you more stealthy.
 K - the -2 hat of the Alchemist (worn) {rElec rPois rF+ rC+ rN+ MR+ rMut rCorr}
   (You found it on level 4 of the Spider Nest)

   It protects you from fire.
   It protects you from cold.
   It insulates you from electricity.
   It protects you from poison.
   It protects you from negative energy.
   It affects your resistance to hostile enchantments.
   It protects you from acid and corrosion.
   It protects you from mutation.
Jewellery
 p - a +5 ring of evasion (right hand)
 E - the ring of Vemypn Syidd {+Inv +Fly rF+ Str-2 Slay+2}
   (You found it on level 5 of the Realm of Zot)

   [ring of flight]

   It affects your strength (-2).
   It affects your accuracy and damage with ranged weapons and melee attacks
   (+2).
   It protects you from fire.
   It lets you turn invisible.
   It lets you fly.
 J - the amulet "Naotad" (around neck) {Spirit rPois Str+4}
   (You found it in a treasure trove)

   [amulet of guardian spirit]

   It causes incoming damage to be split between your health and magic.
   It affects your strength (+4).
   It protects you from poison.
 R - a +2 ring of evasion (left hand)
Wands
 b - a wand of digging (16)
 y - a wand of enslavement (14)
 B - a wand of clouds (5)
 L - a wand of paralysis (20)
Scrolls
 h - a scroll of magic mapping
 j - 7 scrolls of blinking {!r}
 k - 2 scrolls of silence {!r}
 n - 19 scrolls of teleportation
 q - 3 scrolls of fog
 C - a scroll of holy word
 G - 7 scrolls of vulnerability {!r}
 M - 26 scrolls of remove curse
 O - 5 scrolls of summoning
 U - a scroll of torment {!r}
 X - 4 scrolls of immolation {!r}
Potions
 d - 8 potions of curing
 e - 2 potions of ambrosia
 l - 2 potions of haste
 r - 11 potions of brilliance
 u - 5 potions of heal wounds
 x - 4 potions of magic
 z - a potion of invisibility
 A - a potion of might
 D - 5 potions of mutation {!q}
 I - a potion of berserk rage {!q}
 Q - 3 potions of agility
 T - 4 potions of cancellation
Miscellaneous
 o - a phial of floods (inert)
 S - a lamp of fire
 V - 2 phantom mirrors
 Y - 3 sacks of spiders
Comestibles
 F - 65 rations


   Skills:
 * Level 24.7(24.1) Fighting
 - Level 14.0(13.5) Long Blades
 - Level 17.0(16.4) Armour
 - Level 15.0(14.5) Dodging
 - Level 6.0(5.6) Stealth
 - Level 15.0(14.5) Shields
 - Level 1.0(0.6) Unarmed Combat
 - Level 5.0(4.6) Spellcasting
 - Level 4.0(3.6) Summonings
 - Level 5.0(4.6) Necromancy
 - Level 11.0(10.5) Translocations
 - Level 13.0(12.5) Transmutations
 + Level 19.4(18.8) Invocations
 - Level 8.0(7.5) Evocations


You had 27 spell levels left.
You knew the following spells:

 Your Spells              Type           Power        Failure   Level  Hunger
a - Sticks to Snakes      Tmut           #####...     4%          2    ##.....
b - Blink                 Tloc           N/A          10%         2    ##.....
c - Summon Butterflies    Summ           ##......     73%         1    None
d - Animate Skeleton      Necr           N/A          58%         1    None
e - Passwall              Tmut/Erth      ###.......   50%         2    ##.....
f - Apportation           Tloc           ####..       6%          1    None


Dungeon Overview and Level Annotations

Branches:
Dungeon (15/15)            Temple (1/1) D:5            Lair (6/6) D:8
  Swamp (4/4) Lair:2       Spider (4/4) Lair:4        Slime (0/5) Lair:6
    Orc (2/2) D:10            Elf (0/3) Orc:2        Vaults (5/5) D:14
  Crypt (3/3) Vaults:2       Tomb (0/3) Crypt:3      Depths (5/5) D:15
    Zot (5/5) Depths:5

Altars:
Ashenzari
Cheibriados
Dithmenos
Elyvilon
Fedhas
Gozag
Hepliaklqana
Kikubaaqudgha
Makhleb
Okawaru
Qazlal
Ru
Sif Muna
Trog
Uskayaw
Vehumet
Wu Jian
Xom
Yredelemnul
Zin
The Shining One
Beogh
Jiyva
Lugonu

Shops:
D:9 (   Orc:2 *[}%   Vaults:1 :

Portals:
Hell: Depths:1 Depths:2 Depths:3 Depths:4 Depths:5
Abyss: Depths:1 Depths:2 Depths:4
Pandemonium: Depths:2 Depths:3
Ziggurat: Depths:2

Annotations:
D:9 exclusions: downstairs and statue
D:11 1 exclusion
D:15 exclusions: deep elf mage and rakshasa
Lair:2 Fannar
Lair:5 exclusion: 3 downstairs
Lair:6 exclusion: fungus
Swamp:1 exclusion: 2 downstairs
Vaults:3 exclusion: downstairs
Vaults:5 1 exclusion
Crypt:2 exclusion: downstairs
Depths:1 exclusion: downstairs
Zot:1 exclusion: 2 draconian stormcallers
Zot:2 exclusions: 4 doors and downstairs
Zot:4 exclusion: 2 downstairs


Innate Abilities, Weirdness & Mutations

You cannot wear boots.
Your serpentine skin is tough. (AC +9)
You have supernaturally acute eyesight. (SInv)
Armour fits poorly on your strangely shaped body.
Your system is resistant to poisons. (rPois)
You cover ground very slowly.
You have a slow metabolism.
You can spit poison.
You can use your snake-like lower body to constrict enemies.
You are somewhat resistant to further mutation.


Message History

The rock shatters into small pieces.
There is a stone staircase leading up here.
You see here an uncursed ring of poison resistance.
You climb upwards.
There is a stone staircase leading down here.
You feel yourself speed up.
You see here a buckler.
Evoke which item? (* to show all) (? for menu, Esc to quit)
Aiming: Dig
Press: ? - help, Shift-Dir - straight line The rock shatters into small pieces.
A hellwing comes into view.
You enter the shallow water.
Moving in this stuff is going to be slow.
The hellwing hits you. You block the hellwing's attack.
You block the hellwing's attack. x2
There is a staircase leading out of the dungeon here.
You see here a +0 dagger.
You block the hellwing's attack. x2
You have escaped!

........#################.#
........# #####.#
........#############.....#
........##.............#..#
###.######.#..######'###..#
#......#.#..#≈≈≈≈#...#..#
########.#.#..#≈##≈#.#.#..#
..............#≈≈≈≈###.#..#
########.#.##.'≈@#≈#≈≈.#..#
########.#.....4≈#≈#≈###..#
..............#≈##≈#≈###.>######
########.###..#≈≈≈#≈#≈.'.......#
...### #.# #..###.######.#####.#
.#.(.###.# #........)..........#
####...#.# #.#....#[############
######...###.....)........#
#..........#......#.#####.#


You could see a hellwing.

Vanquished Creatures
  4 orbs of fire Mennas
  4 juggernauts
  5 ancient liches
  Boris (twice)
  Bai Suzhen Saint Roka
  10 golden dragons
  3 curse toes
  4 Killer Klowns
  A caustic shrike Nikola Jory
  A bone dragon Arachne Jorgrun
  5 electric golems
  2 Ice Fiends
  12 tentacled monstrosities
  5 liches
  A moon troll
  24 Orb Guardians
  A titan
  4 quicksilver dragons
  7 death cobs
  6 ancient champions
  4 sphinxes
  6 tentacled starspawn
  10 shadow dragons
  17 storm dragons
  5 thorn hunters
  6 draconian monks
  6 tengu reavers
  3 deep elf sorcerers
  10 frost giants
  7 ghost moths
  13 fire giants
  3 iron dragons
  A balrug
  The ghost of rvm the Severer, a journeyman MiGl of Okawaru
  5 emperor scorpions
  18 vault wardens
  5 draconian annihilators
  5 ghouls
  4 draconian shifters
  A cacodemon
  5 draconian knights
  2 draconian scorchers
  4 draconian stormcallers
  2 spriggan defenders
  16 ironheart preservers
  3 war gargoyles
  24 stone giants
  The ghost of Execuda the Severer, a journeyman MiGl of Okawaru
  4 vampire knights
  15 green draconians
  21 very ugly things
  2 deep elf demonologists
  5 entropy weavers
  8 white draconians
  9 purple draconians
  10 spark wasps
  11 black draconians
  2 deep elf annihilators
  3 red draconians
  7 yellow draconians
  13 ettins
  A crystal guardian
  A fire dragon (shapeshifter)
  12 fire dragons
  3 deep elf high priests
  A ragged hierophant Josephine
  2 deep elf death magi
  19 yaktaur captains
  8 jiangshi
  8 great orbs of eyes
  39 vault guards
  7 ice dragons
  A quicksilver dragon skeleton
  A ghost crab
  15 hydras
  4 rakshasas
  A merfolk avatar
  3 spriggan air magi
  8 death knights
  14 ogre magi
  11 centaur warriors
  41 two-headed ogres
  12 deep troll shamans
  5 death yaks
  A queen ant (shapeshifter)
  10 alligators
  A satyr
  A tengu warrior
  4 deep troll earth magi Urug
  4 spriggan berserkers
  7 vampire magi
  8 deep elf knights
  A storm dragon zombie
  A titan skeleton
  22 skeletal warriors
  2 sun demons
  2 fire crabs (shapeshifter)
  3 wretched stars
  A fire crab
  2 sixfirhies
  A sea snake
  8 glowing orange brains
  2 salamander mystics
  A death drake
  6 iron trolls
  4 shadow wraiths
  A deep troll (shapeshifter)
  7 hell knights
  A glowing orange brain (shapeshifter)
  A golden dragon zombie
  2 spriggan druids
  5 wizards
  23 ironbrand convokers
  13 swamp dragons
  4 unseen horrors
  A death drake (shapeshifter)
  11 phantasmal warriors
  29 deep trolls
  A storm dragon skeleton
  An orange crystal statue
  5 flayed ghosts
  19 orc knights
  The ghost of sonasty the Cleaver, a novice MiBe of Trog
  A shadow dragon zombie
  8 necromancers
  7 deep elf archers
  A shambling mangrove
  7 harpies
  An oklob plant
  A stone giant zombie
  10 orb spiders
  16 deep elf magi
  5 orc sorcerers
  8 cyclopes
  32 wolf spiders
  24 moths of wrath
  39 ugly things
  A salamander (shapeshifter)
  A stone giant skeleton
  A shadow dragon skeleton
  A manticore (shapeshifter)
  3 manticores
  7 salamanders
  An iron dragon skeleton
  10 elephants
  A human zombie
  15 vault sentinels
  5 fire giant skeletons
  2 rust devils
  A frost giant skeleton
  3 gargoyles
  A black mamba (shapeshifter)
  3 black mambas
  2 ice statues
  5 torpor snails
  14 spiny frogs
  A torpor snail (shapeshifter)
  6 eyes of devastation
  A pale draconian zombie
  3 komodo dragons (shapeshifter)
  A storm dragon simulacrum
  A dire elephant skeleton
  A kobold demonologist
  9 rime drakes
  A yaktaur (shapeshifter)
  8 freezing wraiths
  A yellow draconian zombie
  9 ice devils
  16 demonic crawlers
  40 yaktaurs
  A golden dragon simulacrum
  3 tengu conjurers
  8 komodo dragons
  2 efreet
  An entropy weaver simulacrum
  8 human skeletons
  16 trolls
  8 polar bears
  A yaktaur skeleton
  24 jumping spiders
  A merfolk (shapeshifter)
  2 tengu simulacra
  21 hornets
  7 tyrant leeches
  A wind drake
  A raiju (shapeshifter)
  9 bog bodies
  3 hornets (shapeshifter)
  25 slime creatures
  A hydra skeleton
  6 dream sheep
  2 saltlings
  32 blink frogs
  A jumping spider zombie
  A fire giant simulacrum
  2 frost giant simulacra
  A stone giant simulacrum
  3 shadows
  An ettin skeleton
  An ice dragon skeleton
  7 flying skulls
  12 hippogriffs Sigmund
  56 redbacks
  53 yaks
  6 spriggans
  13 water elementals
  43 tarantellas
  2 vampires
  A ynoxinul
  A redback (shapeshifter)
  17 wraiths
  7 wyverns
  A black mamba skeleton
  A hog
  A basilisk (shapeshifter)
  3 golden eyes
  A human (shapeshifter)
  4 hungry ghosts
  A chaos spawn
  2 neqoxecs
  A human
  2 basilisks
  A catoblepas simulacrum
  A golden eye (shapeshifter)
  15 vampire mosquitoes
  2 soldier ants
  6 wargs Edmund
  22 swamp worms
  An acid dragon (shapeshifter)
  A floating eye
  2 acid dragons
  9 porcupines
  17 water moccasins
  A floating eye (shapeshifter)
  A torturous demonspawn skeleton
  52 orc warriors
  5 ice beasts
  A sky beast (shapeshifter)
  16 swamp drakes
  2 sky beasts
  6 necrophages
  4 eyes of draining
  2 phantoms
  3 black bears
  A snapping turtle zombie
  11 centaurs
  26 ogres
  2 elf skeletons
  4 boggarts
  11 crocodiles
  15 wolves
  3 big kobolds
  4 wyvern zombies
  18 bullfrogs
  8 gnoll sergeants
  2 wyvern skeletons
  7 scorpions
  10 killer bees
  A troll zombie
  A human simulacrum
  An elf simulacrum
  8 wights
  12 electric eels
  A spriggan skeleton
  6 howler monkeys
  9 crimson imps
  A jelly
  A bullfrog zombie
  4 centaur zombies
  6 starcursed masses
  A quasit
  8 centaur skeletons
  10 hounds
  An iron imp
  2 bullfrog skeletons
  21 orc priests Ijyb Jessica
  6 gnoll shamans
  An iguana (shapeshifter)
  6 iguanas
  34 orc wizards
  16 worker ants
  A naga zombie
  A big kobold zombie
  A naga skeleton
  2 hound skeletons
  3 mummies
  A worker ant zombie
  17 gnolls
  2 howler monkey skeletons
  A swamp drake zombie
  14 adders
  2 river rats
  A scorpion zombie
  4 shadow imps
  7 white imps
  4 ufetubi
  An ooze
  An adder zombie
  An iguana skeleton
  A worm (shapeshifter)
  A worm
  A dart slug
  6 leopard geckos
  99 orcs
  3 ball pythons
  7 giant cockroaches
  7 goblins
  8 hobgoblins
  6 jackals
  3 quokkas
  10 bats
  2 frilled lizards
  4 goblin zombies
  8 hobgoblin zombies
  A jackal skeleton
  2 jackal zombies
  8 kobolds
  3 kobold zombies
  A leopard gecko zombie
  An orc skeleton
  A quokka skeleton
  A quokka zombie
  5 rats
  A fire vortex
  2 plants
  9 starspawn tentacles
2322 creatures vanquished.

Vanquished Creatures (collateral kills)
  An ancient lich Mara Frederick
  A golden dragon
  A bone dragon
  An electric golem
  A tentacled monstrosity
  3 Orb Guardians
  2 sphinxes
  A tentacled starspawn Frances Donald
  A cacodemon
  A draconian shifter
  A draconian annihilator
  3 white draconians
  A black draconian
  A purple draconian
  A yellow draconian
  An ice dragon
  A vault guard
  A hydra
  A yaktaur captain
  A great orb of eyes
  A centaur warrior
  An orc sorcerer
  A vault sentinel
  An ice devil
  2 yaktaurs
  A tormentor
  A starcursed mass
  A tarantella
  A hungry ghost
  A warg
  A swamp drake
41 creatures vanquished.

Vanquished Creatures (others)
  A draconian knight
  A vault warden
  A spark wasp
  A yaktaur captain
  An alligator
  2 deep troll earth magi
  A swamp dragon
  3 orc warriors
  A moth of wrath
  A spiny frog
  A yaktaur
  A komodo dragon
  An efreet
  A hornet
  A spriggan
  An ogre
  A hound
  3 white imps
  5 ufetubi
  An orc
  2 briar patches
  21 fungi
  21 plants
  10 starspawn tentacles
  A withered plant
84 creatures vanquished.

Grand Total: 2447 creatures vanquished

Notes
Turn   | Place    | Note
-------+----------+-------------------------------------------
     0 | D:1      | MysteriousStreaker the Naga Wanderer began the quest for the Orb.
     0 | D:1      | MysteriousStreaker set off with: a +2 falchion, a potion of lignification {!q}, a +0 buckler, a +0 robe, a +0 dagger, a ration
     0 | D:1      | Reached XP level 1. HP: 19/19 MP: 1/1
   652 | D:1      | Reached XP level 2. HP: 27/27 MP: 2/2
  1305 | D:1      | Reached skill level 3 in Fighting
  1417 | D:2      | Reached XP level 3. HP: 32/34 MP: 3/3
  1901 | D:2      | Reached XP level 4. HP: 34/44 MP: 4/4
  2109 | D:2      | Reached skill level 2 in Shields
  2127 | D:2      | Found a white marble altar of Elyvilon.
  2133 | D:2      | Became a worshipper of Elyvilon the Healer
  2515 | D:3      | Noticed Jessica
  2518 | D:3      | Killed Jessica
  2518 | D:3      | Reached skill level 4 in Fighting
  2681 | D:3      | Learned a level 2 spell: Sticks to Snakes
  2683 | D:3      | Noticed a bullfrog
  2770 | D:2      | Reached XP level 5. HP: 50/50 MP: 5/5
  3206 | D:4      | Reached * piety under Elyvilon
  3262 | D:4      | Noticed Ijyb
  3296 | D:4      | Killed Ijyb
  3296 | D:4      | Reached skill level 5 in Fighting
  3428 | D:4      | Gained mutation: You are somewhat resistant to further mutation. [potion of mutation]
  3434 | D:4      | Reached XP level 6. HP: 61/61 MP: 6/6
  3607 | D:4      | Learned a level 2 spell: Sticks to Snakes
  3757 | D:4      | Reached skill level 6 in Fighting
  4133 | D:4      | Found a blossoming altar of Fedhas.
  4143 | D:4      | Reached XP level 7. HP: 69/69 MP: 7/7
  4168 | D:4      | Reached ** piety under Elyvilon
  4469 | D:5      | Entered Level 5 of the Dungeon
  4517 | D:5      | Reached skill level 5 in Long Blades
  4517 | D:5      | Reached skill level 4 in Stealth
  4706 | D:5      | Found a staircase to the Ecumenical Temple.
  4722 | D:5      | Noticed sonasty's ghost (novice MiBe)
  4757 | D:5      | HP: 9/69 [sonasty's ghost (12)]
  5129 | D:5      | Reached skill level 5 in Stealth
  5258 | D:6      | Reached skill level 6 in Long Blades
  5302 | D:6      | Found a sand-covered staircase.
  5323 | Ossuary  | Entered an ossuary
  5323 | Ossuary  | Noticed a wraith
  5323 | Ossuary  | Noticed a wraith
  5323 | Ossuary  | Noticed a wraith
  5712 | Ossuary  | Reached XP level 8. HP: 59/76 MP: 8/8
  5808 | Ossuary  | Reached skill level 6 in Stealth
  5997 | Ossuary  | Noticed a wraith
  6029 | Ossuary  | Killed a wraith
  6029 | Ossuary  | Reached skill level 1 in Invocations
  6339 | D:6      | Reached skill level 7 in Long Blades
  6339 | D:6      | Reached skill level 2 in Invocations
  6428 | D:6      | Got an ichor-stained scale mail
  6430 | D:6      | Identified the cursed +1 scale mail of Understanding {rF+ rC+++ MP+9 Dex-5} (You took it off a wight on level 6 of the Dungeon)
  6599 | D:6      | Reached skill level 3 in Invocations
  6689 | D:6      | Reached skill level 8 in Long Blades
  6848 | D:6      | Reached skill level 4 in Invocations
  6848 | D:6      | Reached XP level 9. HP: 82/82 MP: 10/12
  7041 | D:6      | Reached *** piety under Elyvilon
  7342 | D:7      | Found a bloodstained altar of Trog.
  7342 | D:7      | Reached skill level 9 in Long Blades
  7373 | D:7      | Reached skill level 5 in Invocations
  7487 | D:7      | Found a flagged portal.
  7500 | Bailey   | Entered a bailey
  7885 | Bailey   | Reached skill level 10 in Long Blades
  8123 | Bailey   | Reached skill level 6 in Invocations
  8172 | Bailey   | Got a scorched helmet
  8244 | Bailey   | HP: 9/82 [gnoll sergeant/glaive (13)]
  8579 | D:7      | Found an opulent altar of Gozag.
  8586 | D:7      | Reached XP level 10. HP: 86/91 MP: 14/14
  8851 | D:5      | Found a shattered altar of Ashenzari.
  8886 | D:5      | Noticed Edmund
  8889 | D:5      | Noticed Sigmund
  8900 | D:5      | Killed Edmund
  8909 | D:5      | Killed Sigmund
  8974 | D:5      | Reached skill level 11 in Long Blades
  9007 | D:5      | Found a transporter.
  9019 | D:5      | Reached skill level 7 in Invocations
  9086 | D:5      | Found a transporter.
  9092 | D:5      | Found a sacrificial altar of Ru.
  9155 | D:5      | Killed sonasty's ghost
  9535 | D:5      | Found a basalt altar of Yredelemnul.
  9605 | D:5      | Got a warped trident
  9653 | D:5      | Identified the +2 helmet of Coronation {rF+ SInv} (You found it in a bailey)
 10038 | D:8      | Noticed a two-headed ogre
 10881 | D:8      | Reached skill level 8 in Invocations
 10908 | D:8      | Reached skill level 12 in Long Blades
 10947 | D:8      | Found a staircase to the Lair.
 10948 | D:8      | Reached **** piety under Elyvilon
 12075 | D:8      | Found a deep blue altar of Sif Muna.
 12391 | D:9      | Found an ancient bone altar of Kikubaaqudgha.
 12464 | D:9      | Found Loaga's Weapon Shop.
 12562 | D:9      | Got a transparent short sword
 12565 | D:9      | Identified the +8 short sword "Zotes" {protect, MP+9 Str+4 Dex-5 Stlth+} (You found it on level 9 of the Dungeon)
 12619 | D:9      | Found a radiant altar of Vehumet.
 13077 | D:10     | Entered Level 10 of the Dungeon
 13085 | D:9      | Reached XP level 11. HP: 88/99 MP: 17/17
 13252 | D:10     | Reached skill level 7 in Fighting
 13442 | D:10     | Reached skill level 13 in Long Blades
 13625 | D:10     | Noticed a two-headed ogre
 13641 | D:10     | Killed a two-headed ogre
 13907 | D:10     | Reached ***** piety under Elyvilon
 13939 | D:10     | Reached skill level 8 in Fighting
 13944 | D:10     | Noticed a two-headed ogre
 14112 | D:10     | Killed a two-headed ogre
 14127 | D:10     | Noticed Psyche
 14329 | D:10     | Pacified Psyche
 14436 | D:10     | Reached skill level 14 in Long Blades
 14752 | D:10     | Reached skill level 1 in Armour
 14818 | D:10     | Found a staircase to the Orcish Mines.
 15032 | D:10     | Found a portal to a secret trove of treasure.
 15231 | D:11     | Found a basalt altar of Yredelemnul.
 15296 | D:11     | Reached skill level 2 in Armour
 15424 | D:11     | Reached skill level 3 in Armour
 15424 | D:11     | Reached XP level 12. HP: 55/112 MP: 18/18
 15841 | D:11     | Reached skill level 9 in Fighting
 16227 | D:11     | Reached skill level 4 in Armour
 16382 | D:11     | Reached skill level 1 in Transmutations
 16389 | D:11     | Noticed an alligator
 16391 | D:11     | Pacified an alligator
 16392 | D:11     | Noticed an anaconda
 16392 | D:11     | an alligator changed into an anaconda
 16395 | D:11     | an anaconda changed into a merfolk
 16470 | D:11     | Noticed a storm dragon
 16543 | D:11     | Noticed a frost giant
 16627 | Orc:1    | Entered Level 1 of the Orcish Mines
 16799 | Lair:1   | Entered Level 1 of the Lair of Beasts
 16845 | D:8      | Killed a two-headed ogre
 16906 | Lair:1   | Found a basalt altar of Yredelemnul.
 17372 | Lair:1   | Reached skill level 9 in Invocations
 17817 | Lair:1   | Reached skill level 5 in Armour
 18005 | Lair:2   | Noticed an eight-headed hydra
 18007 | Lair:2   | Pacified an eight-headed hydra
 18024 | Lair:2   | Noticed an eight-headed hydra
 18104 | Lair:2   | Noticed Fannar
 18170 | Lair:2   | Noticed Urug
 18196 | Lair:2   | Killed Urug
 18458 | Lair:2   | Pacified an eight-headed hydra
 18502 | Lair:3   | Reached skill level 10 in Invocations
 18684 | Lair:3   | Reached skill level 10 in Fighting
 19211 | Lair:3   | Noticed a death yak
 19229 | Lair:3   | Reached skill level 11 in Invocations
 19330 | Lair:3   | Noticed a death yak
 19362 | Lair:3   | Gained mutation: You can use your snake-like lower body to constrict enemies. [Naga growth]
 19362 | Lair:3   | Reached XP level 13. HP: 115/123 MP: 21/21
 19677 | Lair:3   | Reached skill level 2 in Transmutations
 20170 | Lair:4   | Reached ****** piety under Elyvilon
 20187 | Lair:4   | Reached skill level 3 in Transmutations
 20306 | Lair:4   | Reached skill level 12 in Invocations
 20757 | Lair:4   | Reached skill level 4 in Transmutations
 21328 | Lair:4   | Reached skill level 1 in Evocations
 21551 | Lair:4   | Reached skill level 6 in Armour
 21551 | Lair:4   | Reached skill level 2 in Evocations
 21803 | Lair:4   | Found a hole to the Spider Nest.
 22851 | Lair:5   | Reached skill level 3 in Evocations
 23114 | Lair:5   | Got a transparent mace
 23440 | Lair:5   | Reached skill level 4 in Evocations
 23466 | Lair:5   | Learned a level 2 spell: Blink
 23685 | Lair:6   | Entered Level 6 of the Lair of Beasts
 23835 | Lair:6   | Reached skill level 1 in Translocations
 23925 | Lair:5   | Reached skill level 2 in Translocations
 23985 | Lair:5   | Reached skill level 7 in Armour
 24105 | Lair:5   | Reached skill level 3 in Translocations
 24437 | Lair:5   | Reached skill level 4 in Translocations
 24850 | Lair:6   | Reached skill level 5 in Translocations
 24850 | Lair:6   | Reached XP level 14. HP: 129/132 MP: 23/23
 25300 | Lair:6   | Reached skill level 6 in Translocations
 25483 | Lair:6   | Reached skill level 8 in Armour
 25680 | Lair:6   | Reached skill level 5 in Evocations
 26389 | Lair:6   | Reached skill level 6 in Evocations
 26409 | Lair:6   | Learned a level 1 spell: Summon Butterflies
 26749 | Lair:6   | Found a viscous altar of Jiyva.
 26749 | Lair:6   | Found a staircase to the Slime Pits.
 27258 | Lair:2   | Found a staircase to the Swamp.
 27639 | D:5      | Reached skill level 5 in Transmutations
 28084 | Orc:1    | Reached skill level 9 in Armour
 28341 | Orc:2    | Entered Level 2 of the Orcish Mines
 28548 | Orc:2    | Found a roughly hewn altar of Beogh.
 28994 | Orc:2    | Noticed Saint Roka
 29027 | Orc:2    | Killed Saint Roka
 29027 | Orc:2    | Reached skill level 6 in Transmutations
 29204 | Orc:2    | Noticed Josephine
 29276 | Orc:2    | Killed Josephine
 29297 | Orc:2    | Reached skill level 7 in Transmutations
 29453 | Orc:2    | Found a staircase to the Elven Halls.
 29497 | Orc:2    | Found a roughly hewn altar of Beogh.
 29714 | Orc:2    | Reached XP level 15. HP: 86/138 MP: 24/24
 30105 | Orc:2    | Reached skill level 10 in Armour
 30716 | Orc:2    | Found Idumorph's Armour Shoppe.
 30716 | Orc:2    | Found Hituppah's Gadget Boutique.
 30718 | Orc:2    | Found Hudwic's Food Shop.
 30720 | Orc:2    | Found Umniumic's General Store.
 30748 | Orc:2    | Bought a wand of paralysis (22) for 312 gold pieces
 30748 | Orc:2    | Bought a wand of acid (4) for 208 gold pieces
 30748 | Orc:2    | Bought a wand of acid (11) for 390 gold pieces
 30751 | Orc:2    | Bought a scroll of enchant armour for 97 gold pieces
 30751 | Orc:2    | Bought an uncursed ring of protection from cold for 325 gold pieces
 30751 | Orc:2    | Bought a wand of acid (10) for 364 gold pieces
 31059 | D:11     | Killed a frost giant
 31059 | D:11     | Reached skill level 1 in Summonings
 31470 | D:12     | Reached skill level 2 in Summonings
 31480 | D:12     | Reached skill level 8 in Transmutations
 31721 | D:12     | Got a warped eveningstar {freeze}
 31722 | D:12     | Identified the +8 eveningstar of the Immovable Nights {freeze, +Inv rC+ rN+ Str+2 Dex-3} (You took it off a tengu warrior on level 12 of the Dungeon)
 32094 | D:12     | Reached skill level 3 in Summonings
 32277 | D:12     | Reached skill level 11 in Fighting
 32337 | D:12     | Reached skill level 1 in Spellcasting
 33131 | D:12     | Found a stormy altar of Qazlal.
 33990 | D:13     | Reached skill level 2 in Spellcasting
 34446 | D:13     | Reached skill level 9 in Transmutations
 34552 | D:13     | Reached skill level 12 in Fighting
 35799 | D:14     | Noticed rvm's ghost (journeyman MiGl)
 35848 | D:14     | Killed rvm's ghost
 36177 | D:14     | Reached XP level 16. HP: 154/154 MP: 25/25
 36327 | D:14     | Reached skill level 4 in Summonings
 36384 | D:14     | Found a burning altar of Makhleb.
 36762 | D:15     | Entered Level 15 of the Dungeon
 36998 | D:15     | Identified a scroll of acquirement
 37317 | D:15     | Found a staircase to the Depths.
 37341 | D:15     | Reached skill level 13 in Fighting
 37597 | D:15     | Reached skill level 10 in Transmutations
 38403 | D:15     | Noticed Execuda's ghost (journeyman MiGl)
 38440 | D:15     | Killed Execuda's ghost
 43150 | D:14     | Reached skill level 14 in Fighting
 43216 | D:14     | Reached skill level 3 in Shields
 43347 | D:14     | Found a gate to the Vaults.
 43395 | D:14     | Got a vibrating silver amulet
 43396 | D:14     | Identified the amulet "Qatoq" {Harm *Drain rN+++ Dex-4} (You acquired it on level 14 of the Dungeon)
 43531 | D:9      | Bought a +6 blowgun for 414 gold pieces
 43668 | D:14     | Upgraded the game from 0.22-a0-280-g69bf1f34de to 0.22-a0-281-g2e20325899
 43734 | D:14     | Learned a level 1 spell: Beastly Appendage
 43912 | Swamp:1  | Entered Level 1 of the Swamp
 44469 | Lair:2   | Reached skill level 4 in Shields
 44905 | Swamp:1  | You fall through a shaft!
 45160 | Swamp:1  | Reached skill level 5 in Shields
 45509 | Swamp:2  | Noticed Nikola
 45749 | Swamp:2  | Noticed Frances
 45766 | Swamp:2  | Killed Frances
 45766 | Swamp:2  | Reached skill level 6 in Shields
 46067 | Swamp:2  | Killed Nikola
 46297 | Swamp:2  | Noticed a thorn hunter
 46308 | Swamp:2  | Reached skill level 7 in Shields
 46315 | Swamp:2  | Killed a thorn hunter
 46593 | Swamp:2  | Reached XP level 17. HP: 133/166 MP: 26/26
 47287 | Swamp:3  | Reached skill level 8 in Shields
 48213 | Swamp:3  | Reached skill level 9 in Shields
 48494 | Swamp:4  | Entered Level 4 of the Swamp
 48494 | Swamp:4  | Noticed Mara
 48553 | Swamp:3  | Noticed MysteriousStreaker's illusion
 48567 | Swamp:3  | Killed Mara
 50214 | Swamp:4  | Reached skill level 7 in Evocations
 50504 | Swamp:4  | Reached skill level 15 in Fighting
 51081 | Swamp:4  | Got a decaying rune of Zot
 51577 | Spider:1 | Entered Level 1 of the Spider Nest
 51680 | Spider:1 | Reached skill level 11 in Transmutations
 51857 | Spider:1 | Reached XP level 18. HP: 177/178 MP: 27/27
 51944 | Spider:1 | Reached skill level 8 in Evocations
 52706 | Spider:2 | Noticed Donald
 52742 | Spider:2 | Killed Donald
 53120 | Spider:2 | Reached skill level 16 in Fighting
 53128 | Spider:2 | Got a faintly glowing steel amulet
 53132 | Spider:2 | Identified the amulet "Naezu" {+Rage Str+5 Int-3} (You found it on level 2 of the Spider Nest)
 53139 | Spider:2 | Found a frozen archway.
 53153 | IceCv    | Entered an ice cave
 53598 | IceCv    | Noticed an Ice Fiend
 53609 | IceCv    | Killed an Ice Fiend
 53622 | IceCv    | Noticed an Ice Fiend
 53632 | IceCv    | Killed an Ice Fiend
 53650 | IceCv    | Got a faintly glowing arbalest
 54851 | Spider:3 | Reached skill level 12 in Transmutations
 55278 | Spider:3 | Noticed an entropy weaver
 55283 | Spider:3 | Killed an entropy weaver
 55371 | Spider:3 | Reached skill level 17 in Fighting
 55374 | Spider:3 | Got a smoking rapier
 55375 | Spider:3 | Identified the cursed +0 rapier of the Thirsty People {venom, +Rage Str+5} (You found it on level 3 of the Spider Nest)
 55390 | Spider:3 | Noticed an entropy weaver
 55411 | Spider:3 | Killed an entropy weaver
 55461 | Spider:3 | Noticed an entropy weaver
 55473 | Spider:3 | Killed an entropy weaver
 56228 | Spider:4 | Entered Level 4 of the Spider Nest
 56554 | Spider:4 | Noticed Arachne
 56570 | Spider:4 | Killed Arachne
 56570 | Spider:4 | Reached skill level 11 in Armour
 57217 | Spider:4 | Reached XP level 19. HP: 193/193 MP: 28/28
 57855 | Spider:4 | Noticed an entropy weaver
 58019 | Spider:3 | Reached skill level 12 in Armour
 58165 | Spider:4 | Killed an entropy weaver
 58611 | Spider:4 | Found the -2 hat of the Alchemist {rElec rPois rF+ rC+ rN+ MR+ rMut rCorr}
 58648 | Spider:4 | Got a gossamer rune of Zot
 58999 | Temple   | Entered the Ecumenical Temple
 59033 | Temple   | Fell from the grace of Elyvilon
 59033 | Temple   | Became a worshipper of Uskayaw the Reveler
 59460 | D:11     | Reached * piety under Uskayaw
 59532 | Vaults:1 | Entered Level 1 of the Vaults
 59577 | Vaults:1 | Reached ** piety under Uskayaw
 59612 | Vaults:1 | Reached *** piety under Uskayaw
 59616 | Vaults:1 | Reached **** piety under Uskayaw
 59623 | Vaults:1 | Reached ***** piety under Uskayaw
 59717 | Vaults:1 | Reached skill level 13 in Armour
 59739 | Vaults:1 | Reached ****** piety under Uskayaw
 60460 | Vaults:1 | Reached skill level 14 in Armour
 60752 | Vaults:1 | Found Wejoesk's Book Boutique.
 60888 | Vaults:1 | Learned a level 1 spell: Animate Skeleton
 61119 | Vaults:1 | Reached XP level 20. HP: 169/201 MP: 29/29
 61839 | Vaults:2 | Upgraded the game from 0.22-a0-281-g2e20325899 to 0.22-a0-282-gdd34a7dfb5
 62098 | Vaults:2 | Reached skill level 10 in Shields
 62406 | Vaults:2 | Reached skill level 15 in Armour
 63014 | Vaults:2 | Found a staircase to the Crypt.
 63894 | Vaults:3 | Noticed Frederick
 63906 | Vaults:3 | Killed Frederick
 64170 | Vaults:3 | Found a ruined gateway.
 64434 | Vaults:3 | Reached skill level 11 in Shields
 64455 | Vaults:3 | Reached skill level 16 in Armour
 64576 | Vaults:2 | Reached XP level 21. HP: 193/208 MP: 30/30
 64873 | Vaults:3 | Noticed Mennas
 64902 | Vaults:3 | Killed Mennas
 65452 | Vaults:3 | Noticed Jorgrun
 65471 | Vaults:3 | Killed Jorgrun
 66244 | Vaults:4 | Reached skill level 17 in Armour
 66245 | Vaults:4 | Noticed Bai Suzhen
 66263 | Vaults:3 | Killed Bai Suzhen
 66263 | Vaults:3 | Reached skill level 12 in Shields
 66363 | Vaults:4 | Noticed Boris
 66377 | Vaults:4 | Killed Boris
 66476 | Vaults:4 | Noticed Jory
 66486 | Vaults:4 | Killed Jory
 67006 | Vaults:4 | Reached skill level 7 in Translocations
 68540 | Depths:1 | Entered Level 1 of the Depths
 68628 | D:15     | Reached skill level 13 in Shields
 68628 | D:15     | Reached XP level 22. HP: 217/217 MP: 31/31
 68656 | D:15     | Reached skill level 8 in Translocations
 69042 | Depths:1 | Found a corrupted altar of Lugonu.
 69042 | Depths:1 | Found a one-way gate to the infinite horrors of the Abyss.
 69239 | Depths:1 | Got a faintly glowing quarterstaff
 69408 | Depths:1 | Learned a level 1 spell: Apportation
 69622 | Depths:1 | Found a gateway to Hell.
 69639 | Depths:1 | Found the +15 Maxwell's patent armour {-Cast -Tele rElec MR+ rCorr}
 69846 | Depths:1 | Identified Ytaaw's Compendium of Supportive Attacks
 69960 | Depths:1 | Reached skill level 9 in Translocations
 70252 | Depths:2 | Found a shattered altar of Ashenzari.
 70314 | Depths:2 | Reached skill level 14 in Shields
 70881 | Depths:2 | Found a gateway to a ziggurat.
 70971 | Depths:2 | Noticed a golden dragon
 71010 | Depths:2 | Killed a golden dragon
 71037 | Depths:2 | Reached skill level 10 in Translocations
 71725 | Depths:2 | Found a one-way gate leading to the halls of Pandemonium.
 72055 | Depths:3 | Reached skill level 15 in Shields
 72422 | Depths:3 | Reached skill level 11 in Translocations
 72426 | Depths:3 | Reached XP level 23. HP: 224/224 MP: 32/32
 72481 | Depths:3 | Reached skill level 3 in Spellcasting
 72557 | Depths:3 | Reached skill level 4 in Spellcasting
 72673 | Depths:3 | Noticed an ancient lich
 72683 | Depths:3 | Reached skill level 5 in Spellcasting
 72683 | Depths:3 | Killed an ancient lich
 72701 | Depths:3 | Found the +6 Majin-Bo {vamp, Archmagi MP+6 Int+6}
 72740 | Depths:3 | Learned a level 2 spell: Passwall
 73613 | Depths:4 | Found a magical portal.
 73644 | WizLab   | Entered Lehudib's Moon Base
 73774 | WizLab   | Reached skill level 13 in Transmutations
 73952 | WizLab   | Paralysed by accursed screaming for 2 turns
 74929 | WizLab   | Found a transporter.
 74937 | WizLab   | Reached skill level 18 in Fighting
 75228 | WizLab   | Found a transporter.
 75229 | WizLab   | Found the bloodstained robe
 75234 | WizLab   | Got a faintly glowing marble ring
 75236 | WizLab   | Got a slimy copper ring
 75239 | WizLab   | Got a bloodstained robe
 75241 | WizLab   | Identified the Grimoire of Frigorific Stones
 75243 | WizLab   | Identified the Tome of Arcane Weapons
 75277 | WizLab   | Identified Lehudib's Volume of the Damaging Rocks
 75308 | WizLab   | Identified the ring "Xipt" {rC+ Dex+7} (You found it in a wizard's laboratory)
 75310 | WizLab   | Identified the ring "Plog" {+Inv MP+9} (You found it in a wizard's laboratory)
 75413 | Depths:4 | Upgraded the game from 0.22-a0-282-gdd34a7dfb5 to 0.22-a0-283-g1871b151c7
 75499 | Depths:4 | Noticed a golden dragon
 75520 | Depths:4 | Killed a golden dragon
 75538 | Depths:4 | Reached skill level 13 in Invocations
 75771 | Depths:4 | Noticed a juggernaut
 75792 | Depths:4 | Killed a juggernaut
 76464 | Depths:4 | Reached XP level 24. HP: 238/238 MP: 32/33
 76504 | Depths:4 | Noticed a juggernaut
 76517 | Depths:4 | Killed a juggernaut
 76744 | Depths:4 | Noticed a caustic shrike
 76764 | Depths:4 | Killed a caustic shrike
 76799 | Depths:4 | Reached skill level 19 in Fighting
 76979 | Depths:4 | Noticed a juggernaut
 76998 | Depths:4 | Killed a juggernaut
 76998 | Depths:4 | Reached skill level 14 in Invocations
 77074 | Depths:4 | Got a crude scale mail
 77448 | Depths:5 | Entered Level 5 of the Depths
 78421 | Depths:5 | Reached skill level 20 in Fighting
 78424 | Depths:5 | Noticed a juggernaut
 78447 | Depths:5 | Killed a juggernaut
 78447 | Depths:5 | Reached skill level 15 in Invocations
 78637 | Depths:5 | Reached skill level 1 in Necromancy
 78821 | Depths:5 | Reached skill level 2 in Necromancy
 78898 | Depths:5 | Reached skill level 3 in Necromancy
 78978 | Depths:5 | Reached skill level 4 in Necromancy
 79093 | Depths:5 | Found a gate to the Realm of Zot.
 79125 | Depths:5 | Reached skill level 5 in Necromancy
 79530 | Crypt:1  | Entered Level 1 of the Crypt
 79584 | Crypt:1  | Noticed Boris
 79595 | Crypt:1  | Killed Boris
 79617 | Crypt:1  | Reached XP level 25. HP: 224/253 MP: 34/34
 80827 | Crypt:3  | Entered Level 3 of the Crypt
 81525 | Crypt:3  | Found a staircase to the Tomb.
 81724 | Crypt:3  | Got a crystal mace
 81749 | Crypt:3  | Reached skill level 21 in Fighting
 81749 | Crypt:3  | Reached skill level 16 in Invocations
 82115 | Crypt:2  | Found an ancient bone altar of Kikubaaqudgha.
 82201 | Crypt:3  | Noticed an ancient lich
 82201 | Crypt:3  | Noticed an ancient lich
 82201 | Crypt:3  | Noticed an ancient lich
 82350 | Crypt:3  | Got a slimy pewter ring
 82360 | Crypt:2  | Identified the ring "Jiuhuf" {rCorr Dex+2} (You found it on level 3 of the Crypt)
 82514 | Vaults:5 | Entered Level 5 of the Vaults
 82531 | Vaults:4 | Reached skill level 1 in Dodging
 82540 | Vaults:4 | Reached skill level 2 in Dodging
 82590 | Vaults:4 | Reached skill level 3 in Dodging
 82631 | Vaults:4 | Reached skill level 4 in Dodging
 82674 | Vaults:4 | Reached skill level 5 in Dodging
 82931 | Vaults:5 | Noticed an entropy weaver
 82992 | Vaults:5 | Reached skill level 6 in Dodging
 83120 | Vaults:5 | Got a transparent bronze ring
 83121 | Vaults:5 | Identified the ring of Vuagir {+Inv rF+ rC+ Str-5 Stlth-} (You found it on level 5 of the Vaults)
 83126 | Vaults:5 | Got a pitted plate armour
 83127 | Vaults:5 | Identified the cursed +0 plate armour of the Rabble {Int+7} (You found it on level 5 of the Vaults)
 83161 | Vaults:5 | Identified Sif Muna's Grimoire of the Entourage
 83226 | Vaults:5 | Noticed an entropy weaver
 83238 | Vaults:5 | Reached skill level 7 in Dodging
 83293 | Vaults:5 | Reached skill level 8 in Dodging
 83303 | Vaults:5 | Got a flickering garnet amulet
 83305 | Vaults:5 | Identified the amulet "Suffurgh" {Spirit MR+ Int+7} (You took it off a tengu reaver on level 5 of the Vaults)
 83578 | Vaults:5 | Reached skill level 9 in Dodging
 83578 | Vaults:5 | Reached XP level 26. HP: 244/266 MP: 35/35
 83732 | Vaults:5 | Killed an entropy weaver
 83736 | Vaults:5 | Reached skill level 10 in Dodging
 83836 | Vaults:5 | Noticed an ancient lich
 83846 | Vaults:5 | Killed an ancient lich
 83846 | Vaults:5 | Reached skill level 11 in Dodging
 84278 | Vaults:5 | Reached skill level 12 in Dodging
 84378 | Vaults:5 | Got a faintly glowing quarterstaff
 84553 | Vaults:5 | Identified Sophisticated Sorcery
 84557 | Vaults:5 | Got a silver rune of Zot
 84585 | Vaults:5 | Got a pair of slimy gloves
 84586 | Vaults:5 | Identified the +1 pair of gloves of Springtime {rC+ MR+ Regen+ Stlth+} (You found it on level 5 of the Vaults)
 85003 | Zot:1    | Entered Level 1 of the Realm of Zot
 85602 | Zot:1    | Reached skill level 13 in Dodging
 86209 | Zot:2    | Reached skill level 14 in Dodging
 86326 | Zot:2    | Reached XP level 27. HP: 232/272 MP: 34/35
 86708 | Zot:2    | Reached skill level 15 in Dodging
 87166 | D:10     | You paid a toll of 12 potions of heal wounds to enter a treasure trove
 87167 | Trove    | Entered a treasure trove
 87174 | Trove    | Found the brooch of Shielding {Reflect SH+8}
 87211 | Trove    | Got a warped pewter ring
 87227 | Trove    | Got a fine iron amulet
 87235 | Trove    | Got a flickering bone ring
 87243 | Trove    | Got a scintillating diamond amulet
 87302 | D:10     | Identified the amulet of Equilibrium {Regen+ MP+9 Dex+3 SInv} (You found it in a treasure trove)
 87319 | D:10     | Identified the ring "Vatzal" {rElec MR+++ AC+3 Dex-3 Slay-4} (You found it in a treasure trove)
 87322 | D:10     | Identified the ring "Deiwk" {Fire Int+4} (You found it in a treasure trove)
 87326 | D:10     | Identified the amulet "Naotad" {Spirit rPois Str+4} (You found it in a treasure trove)
 88673 | Zot:3    | Reached skill level 22 in Fighting
 88834 | Zot:4    | Reached skill level 17 in Invocations
 89332 | Zot:4    | Found the +3 sling "Punk" {acid, rCorr}
 90214 | Zot:5    | Entered Level 5 of the Realm of Zot
 90376 | Zot:5    | Noticed an ancient lich
 90376 | Zot:5    | Noticed an ancient lich
 90396 | Zot:5    | Killed an ancient lich
 90401 | Zot:5    | Killed an ancient lich
 90421 | Zot:5    | Noticed an ancient lich
 90425 | Zot:5    | Reached skill level 23 in Fighting
 90426 | Zot:5    | Killed an ancient lich
 90539 | Zot:5    | Reached skill level 18 in Invocations
 90633 | Zot:5    | Noticed an ancient lich
 90648 | Zot:5    | Killed an ancient lich
 90797 | Zot:5    | Noticed an orb of fire
 90809 | Zot:5    | Killed an orb of fire
 90884 | Zot:5    | Noticed an orb of fire
 90911 | Zot:5    | Killed an orb of fire
 90924 | Zot:5    | Noticed an orb of fire
 90948 | Zot:5    | Killed an orb of fire
 91807 | Zot:5    | Noticed an orb of fire
 91839 | Zot:5    | Killed an orb of fire
 91839 | Zot:5    | Reached skill level 24 in Fighting
 92051 | Zot:5    | Got an ancient lead ring
 92053 | Zot:5    | Identified the ring of Vemypn Syidd {+Inv +Fly rF+ Str-2 Slay+2} (You found it on level 5 of the Realm of Zot)
 92082 | Zot:5    | Reached skill level 19 in Invocations
 92833 | Zot:5    | Got the Orb of Zot
 93010 | Depths:4 | Noticed a seraph
 93366 | D:$      | Escaped with the Orb!

Vault maps used:
D:1:      ncdulo_wetmaze
D:2:      marbit_many_paths
D:3:      uniq_jessica
D:4:      kennysheep_mini, uniq_ijyb
D:5:      nicolae_overflow_hidden_temple, gammafunk_temple_overflow_arena,
          old_standard_altar, temple_fountains, portal_sewer_entry_e,
          first_ration, sigmund_edmund_badplayer
D:6:      serial_undead, serial_undead_a, serial_undead_e, serial_undead_a,
          serial_undead_b, enter_ossuary_3
D:7:      nicolae_gozag_cash_rules_everything_around_me, trog_eyes_of_draining,
          enter_bailey_8
D:8:      kennysheep_orc_sif_temple, erik_lair_island
D:9:      kiku_gazebo_garden_becter, vehumet_statue, serial_shops,
          nicolae_shop_stone
D:10:     erik_orc_2, nicolae_trove_entry_free_sample, grunt_livestock,
          uniq_psyche
D:11:     minmay_tile_spiral, palyth_stone_intersect, lemuel_tele_altar
D:12:     hangedman_cross_cluster, grunt_qazlal_clouds
D:13:     lemuel_troll_bridge, serial_co_window_serial, co_window_paths_b,
          co_window_cross_1, co_window_corner_a, co_window_paths_a,
          co_window_of_opportunity_a, co_window_paths_b, co_window_corner_b,
          co_window_2corner, co_window_2corner, co_window_2corner,
          co_window_broadway_a, glass_columns_a
D:14:     grunt_vaults_entry_fortified, moated_statue, minivault_16,
          makhleb_altar_promises_db
D:15:     grunt_enter_depths_snipers, minmay_misc_feat_nine_boxes,
          serial_column_ruins, column_ruins_hut, column_ruins_open_medium,
          column_ruins_corridor_straight, column_ruins_columns_straight
Temple:   dshaligram_water_room_temple
Lair:1:   basic_altar, lemuel_fruit_fields, infiniplex_staircase_pool
Lair:2:   minmay_swamp_entry_worms, uniq_fannar, uniq_urug
Lair:3:   serial_bayou_shore_b, grunt_megastairs_1
Lair:4:   dummy_spider_entry, gammafunk_lair_bear_cave
Lair:5:   serial_bayou_lagoon_b, serial_bayou_shore_b
Lair:6:   gammafunk_lair_ancient_temple, dpeg_slime_entry_enclosed_altar,
          infiniplex_staircase_pool_2
Swamp:1:  evilmike_swamp_ruin_house_5
Swamp:2:  serial_swamp_ruin, evilmike_swamp_ruin_house_1,
          evilmike_swamp_ruin_house_3, swamp_pool1,
          nicolae_swamp_oklob_treasure_island, uniq_nikola, uniq_frances
Swamp:3:  evilmike_swamp_ruin_rubble_2
Swamp:4:  swamp_basic_johnstein, uniq_mara
Spider:2: portal_ice_cave_entry_ugly_swarm, einodemon_crawler_minivault,
          nicolae_spider_cling_halls, uniq_donald
Spider:3: cheibrodos_spider_silkery
Spider:4: johnstein_spider_rune_arachne_lair
Orc:2:    st_orc_rangers, basic_altar, lemuel_statue_altar, uniq_josephine,
          uniq_saint_roka
Vaults:1: v_misc_33, vaults_mumra_hexcomb, v_misc_22, v_misc_9,
          ontoclasm_vaults_misaligned, hangedman_vaults_stretched_pinwheel,
          vaults_room_grunt_arrival_ludios, hangedman_vaults_slice,
          vaults_mumra_minichess_inversion, vaults_dpeg_ring,
          nicolae_vaults_little_squares_6, ontoclasm_vaults_ring_small,
          nicolae_vaults_diagonal_hallway_9, vaults_room_hallway,
          vaults_room_grid, serial_shops, shop_fountains
Vaults:2: nicolae_vaults_mini_display_case, minmay_crypt_entry_skeletal_spiral,
          v_pattern_4, v_misc_15, v_misc_3, vaults_room_corners, v_misc_13,
          v_misc_25, dpeg_vaults_monster_box, nicolae_vaults_little_squares_6,
          ontoclasm_vaults_loading_screen, ontoclasm_vaults_chip
Vaults:3: hangedman_vaults_hat, nicolae_vaults_murderbox, v_misc_2,
          nicolae_vaults_network_periphery, vaults_room_pool,
          ontoclasm_vaults_pinch, v_misc_23, nicolae_vaults_network_square,
          nicolae_vaults_triangles, portal_desolation_entry_salt, uniq_mennas,
          uniq_jorgrun, uniq_frederick
Vaults:4: v_misc_25, v_misc_5, vaults_mumra_minichess,
          nicolae_vaults_twisting_passages, vaults_mumra_hex, vaults_room_fours,
          v_misc_19, uniq_boris, uniq_jory, uniq_bai_suzhen
Vaults:5: serial_shops
Crypt:1:  uniq_boris
Crypt:2:  lemuel_upstairs_altar
Crypt:3:  david_glass_crypt
Depths:1: hangedman_abyss_or_decor_clamps, lightli_too_deep,
          abyss_entry_flame_altar, st_stairs_9, minmay_misc_feat_five,
          hangedman_abyss_or_decor_passed, minmay_hollow_rounded_squares
Depths:2: hourglass_vault, enter_ziggurat_f, hell_entry, pan_entry,
          evilmike_ruin_ashenzari, abyss_entry, minmay_metal_thing
Depths:3: minmay_guarded_unrand_majin_bo, pan_entry, nicolae_lava_and_water,
          hell_entry, st_stairs_13, minmay_staircase_statues
Depths:4: evilmike_diamond_2, hangedman_abyss_entry_splay, hell_entry,
          hangedman_decor_lopped, mu_enter_wizlab_4, hangedman_corner_corridor,
          infiniplex_staircase_spiral_double, firewood_loft,
          serial_bayou_shore_a
Depths:5: grunt_zot_entry_bicorn, hell_entry, hex_medium
Zot:1:    lemuel_draconian_sentries_small
Zot:2:    kennysheep_six_static_rooms
Zot:3:    hangedman_swamp_dais
Trove:    trove_dig
Ossuary:  ossuary_kennysheep_city_of_the_dead
Bailey:   bailey_polearm_gnolls_kennysheep, bailey
IceCv:    ice_cave_small_demon
WizLab:   wizlab_lehudib

Skill      XL: |  1  2  3  4  5  6  7  8  9 10 11 12 13 14 15 16 17 18 19 20 21 22 23 24 25 26 27 |
---------------+----------------------------------------------------------------------------------+-----
Fighting       | 3 4 5 6 8 10 12 14 15 17 18 20 21 24 | 24.7
Shields        | 2 7 9 11 13 15 | 15.0
Long Blades    | 6 8 10 12 14 | 14.0
Stealth        | 5 6 |  6.0
Invocations    | 4 6 8 11 12 13 15 16 19 | 19.4
Armour         | 3 5 7 9 10 11 14 16 17 | 17.0
Transmutations | 1 4 7 9 10 11 12 13 | 13.0
Evocations     | 4 6 7 8 |  8.0
Translocations | 5 6 7 11 | 11.0
Summonings     | 3 4 |  4.0
Spellcasting   | 2 5 |  5.0
Necromancy     | 5 |  5.0
Dodging        | 9 14 15 | 15.0
Unarmed Combat | |  1.0

Action                   |  1- 3 |  4- 6 |  7- 9 | 10-12 | 13-15 | 16-18 | 19-21 | 22-24 | 25-27 || total
-------------------------+-------+-------+-------+-------+-------+-------+-------+-------+-------++-------
Melee: Falchion          |    63 |   137 |   509 |  1320 |   255 |       |       |       |       ||  2284
       Long sword        |       |       |       |       |  1270 |    13 |       |       |       ||  1283
       Constrict         |       |       |       |       |   312 |   293 |   250 |   193 |   228 ||  1276
       Scimitar          |       |       |       |       |   330 |  1711 |   166 |       |       ||  2207
       Demon blade       |       |       |       |       |       |       |  1466 |  1652 |  1560 ||  4678
       Eudemon blade     |       |       |       |       |       |       |    23 |    78 |   438 ||   539
 Fire: Hunting sling     |       |     2 |    43 |    50 |    11 |       |       |       |       ||   106
       Blowgun           |       |       |       |       |       |     3 |       |     3 |       ||     6
Throw: Stone             |     3 |     4 |   111 |    22 |    37 |       |       |       |       ||   177
       Throwing net      |       |     1 |     4 |       |       |     2 |       |     1 |     2 ||    10
 Cast: Blink             |       |       |       |       |     6 |     4 |     2 |     1 |     8 ||    21
       Sticks to Snakes  |       |       |       |       |    18 |    36 |    22 |    15 |    13 ||   104
       Summon Butterflie |       |       |       |       |       |     2 |       |     2 |       ||     4
       Apportation       |       |       |       |       |       |       |       |     3 |    13 ||    16
       Passwall          |       |       |       |       |       |       |       |     1 |     1 ||     2
       Animate Skeleton  |       |       |       |       |       |       |       |       |    31 ||    31
Invok: Lesser Healing    |       |       |    11 |     3 |     1 |     3 |       |       |       ||    18
       Heal Other        |       |       |       |    17 |     6 |     8 |       |       |       ||    31
       Purification      |       |       |       |     1 |     3 |     2 |       |       |       ||     6
       Divine Vigour     |       |       |       |       |     3 |     4 |       |       |       ||     7
       Greater Healing   |       |       |       |       |       |     6 |       |       |       ||     6
       Grand Finale      |       |       |       |       |       |       |     6 |     7 |     8 ||    21
       Line Pass         |       |       |       |       |       |       |     1 |     2 |       ||     3
       Stomp             |       |       |       |       |       |       |       |    10 |       ||    10
 Abil: Spit Poison       |    22 |    22 |    37 |   156 |   145 |    55 |    31 |    17 |    20 ||   505
       Evoke Flight      |       |       |       |       |     1 |     7 |     1 |       |       ||     9
       Evoke Berserk Rag |       |       |       |       |       |     2 |     3 |     2 |     2 ||     9
Evoke: Wand              |       |       |    20 |    23 |    53 |   102 |    17 |    26 |    59 ||   300
       Phantom mirror    |       |       |       |     1 |       |       |       |       |       ||     1
       Box of beasts     |       |       |       |       |       |     4 |     2 |       |       ||     6
       Phial of floods   |       |       |       |       |       |     1 |     3 |     5 |     4 ||    13
       Sack of spiders   |       |       |       |       |       |       |       |       |     1 ||     1
       Lamp of fire      |       |       |       |       |       |       |       |       |     1 ||     1
  Use: Scroll            |     2 |     5 |    15 |    13 |    12 |    22 |    11 |     9 |    39 ||   128
       Potion            |       |     4 |     6 |     1 |     4 |     7 |     2 |     2 |    22 ||    48
 Stab: Invisible         |       |       |     3 |    10 |       |       |       |     3 |     2 ||    18
       Held in net/web   |       |       |     4 |       |       |       |       |       |       ||     4
       Confused          |       |       |     3 |       |       |     1 |       |     2 |       ||     6
       Sleeping          |       |       |       |     2 |       |     2 |       |       |       ||     4
       Distracted        |       |       |       |       |     5 |     5 |     1 |     1 |     6 ||    18
       Paralysed         |       |       |       |       |    11 |    14 |   171 |   156 |   246 ||   598
       Fleeing           |       |       |       |       |       |     1 |       |       |     1 ||     2
  Eat: Chunk             |     3 |     8 |    12 |    45 |    73 |    59 |    39 |    27 |    24 ||   290
       Ration            |       |       |     1 |     3 |       |     2 |     1 |     4 |     8 ||    19
Armor: Robe              |     4 |       |       |       |       |       |       |       |       ||     4
       Ring mail         |    13 |     4 |       |       |       |       |       |       |       ||    17
       Scale mail        |       |    40 |    86 |   359 |   593 |   788 |    82 |       |       ||  1948
       Crystal plate arm |       |       |    34 |       |       |       |   449 |   497 |   813 ||  1793
Dodge: Dodged            |    24 |    97 |   227 |   578 |   790 |   825 |   322 |   234 |   470 ||  3567
Block: Buckler           |     6 |    31 |    70 |   131 |   240 |   111 |       |       |       ||   589
       Shield            |       |       |       |       |       |   659 |   581 |   203 |       ||  1443
       Large shield      |       |       |       |       |       |       |       |   628 |  1306 ||  1934
       Rpst.: Falchion   |    11 |    26 |    54 |   154 |    26 |       |       |       |       ||   271
       Long sword        |       |       |       |       |   129 |       |       |       |       ||   129
       Scimitar          |       |       |       |       |    37 |   173 |    13 |       |       ||   223
       Demon blade       |       |       |       |       |       |       |    56 |    36 |    59 ||   151
       Eudemon blade     |       |       |       |       |       |       |       |     2 |     9 ||    11

Table legend:
 A = Spawn XP
 B = Non-spawn XP
 C = Spawn XP percentage of total XP
 D = Spawn monster count
 E = Non-spawn monster count
 F = Spawn count percentage of total count
 G = Total turns spent on level
                    A         B        C        D         E        F      G
               +---------+---------+-------+---------+---------+-------+---------
         Total |       0 | 1592509 |   0.0 |       0 |    2346 |   0.0 | 93366
               +---------+---------+-------+---------+---------+-------+---------
           D:1 |       0 |      32 |   0.0 |       0 |      17 |   0.0 |  1378
           D:2 |       0 |      85 |   0.0 |       0 |      21 |   0.0 |  1039
           D:3 |       0 |     156 |   0.0 |       0 |      18 |   0.0 |   831
           D:4 |       0 |     362 |   0.0 |       0 |      18 |   0.0 |  1573
           D:5 |       0 |    2145 |   0.0 |       0 |      32 |   0.0 |  1869
           D:6 |       0 |    1230 |   0.0 |       0 |      29 |   0.0 |  1220
           D:7 |       0 |    1008 |   0.0 |       0 |      19 |   0.0 |   829
           D:8 |       0 |    3461 |   0.0 |       0 |      43 |   0.0 |  2220
           D:9 |       0 |     895 |   0.0 |       0 |      17 |   0.0 |  1127
          D:10 |       0 |    7594 |   0.0 |       0 |      66 |   0.0 |  2788
          D:11 |       0 |    7653 |   0.0 |       0 |      31 |   0.0 |  1783
          D:12 |       0 |   16600 |   0.0 |       0 |      75 |   0.0 |  2440
          D:13 |       0 |   12738 |   0.0 |       0 |      43 |   0.0 |  2106
          D:14 |       0 |   14785 |   0.0 |       0 |      33 |   0.0 |  2245
          D:15 |       0 |   24079 |   0.0 |       0 |      50 |   0.0 |  6042
        Lair:1 |       0 |    2832 |   0.0 |       0 |      16 |   0.0 |  1193
        Lair:2 |       0 |    8220 |   0.0 |       0 |      25 |   0.0 |  2106
        Lair:3 |       0 |    8841 |   0.0 |       0 |      27 |   0.0 |  1608
        Lair:4 |       0 |    8848 |   0.0 |       0 |      32 |   0.0 |  2652
        Lair:5 |       0 |    8991 |   0.0 |       0 |      37 |   0.0 |  2191
        Lair:6 |       0 |   16169 |   0.0 |       0 |      56 |   0.0 |  1969
       Swamp:1 |       0 |    7779 |   0.0 |       0 |      23 |   0.0 |  1139
       Swamp:2 |       0 |   14165 |   0.0 |       0 |      21 |   0.0 |  1493
       Swamp:3 |       0 |   21403 |   0.0 |       0 |      39 |   0.0 |  2012
       Swamp:4 |       0 |   28537 |   0.0 |       0 |      55 |   0.0 |  2037
      Spider:1 |       0 |   12799 |   0.0 |       0 |      39 |   0.0 |  1043
      Spider:2 |       0 |   20478 |   0.0 |       0 |      66 |   0.0 |  1667
      Spider:3 |       0 |   21611 |   0.0 |       0 |      49 |   0.0 |  1373
      Spider:4 |       0 |   39259 |   0.0 |       0 |      67 |   0.0 |  2387
         Orc:1 |       0 |    4320 |   0.0 |       0 |      42 |   0.0 |   885
         Orc:2 |       0 |   15249 |   0.0 |       0 |      70 |   0.0 |  2389
      Vaults:1 |       0 |   61203 |   0.0 |       0 |     103 |   0.0 |  2068
      Vaults:2 |       0 |   59468 |   0.0 |       0 |      97 |   0.0 |  2648
      Vaults:3 |       0 |   89531 |   0.0 |       0 |      98 |   0.0 |  2389
      Vaults:4 |       0 |   74458 |   0.0 |       0 |      84 |   0.0 |  2562
      Vaults:5 |       0 |  123045 |   0.0 |       0 |     102 |   0.0 |  1783
       Crypt:1 |       0 |   27315 |   0.0 |       0 |      33 |   0.0 |   660
       Crypt:2 |       0 |   15245 |   0.0 |       0 |      25 |   0.0 |  1073
       Crypt:3 |       0 |   29660 |   0.0 |       0 |      37 |   0.0 |  1158
      Depths:1 |       0 |   38073 |   0.0 |       0 |      41 |   0.0 |  1540
      Depths:2 |       0 |   58440 |   0.0 |       0 |      61 |   0.0 |  2001
      Depths:3 |       0 |   51046 |   0.0 |       0 |      51 |   0.0 |  1616
      Depths:4 |       0 |   87051 |   0.0 |       0 |      62 |   0.0 |  2272
      Depths:5 |       0 |   71752 |   0.0 |       0 |      51 |   0.0 |  2264
         Zot:1 |       0 |   37000 |   0.0 |       0 |      24 |   0.0 |   934
         Zot:2 |       0 |   77133 |   0.0 |       0 |      45 |   0.0 |   891
         Zot:3 |       0 |   61497 |   0.0 |       0 |      39 |   0.0 |  1170
         Zot:4 |       0 |   42091 |   0.0 |       0 |      21 |   0.0 |  1425
         Zot:5 |       0 |  191818 |   0.0 |       0 |      67 |   0.0 |  2643
       Ossuary |       0 |     299 |   0.0 |       0 |      17 |   0.0 |   950
        Bailey |       0 |    1191 |   0.0 |       0 |      30 |   0.0 |  1018
         IceCv |       0 |   10156 |   0.0 |       0 |      25 |   0.0 |   742
        WizLab |       0 |   52713 |   0.0 |       0 |      57 |   0.0 |  1768
               +---------+---------+-------+---------+---------+-------+---------
